 Dungeon Crawl Stone Soup version 0.31-a0-267-g3fc6992b3b (webtiles) character file.

Game seed: 11886710821246077173

112 qw the Shooter (level 4, 0/36 HPs)
             Began as a Minotaur Hexslinger on July 13, 2023.
             Slain by an ice beast (6 damage)
             ... on level 4 of the Dungeon.
             The game lasted 00:00:41 (1963 turns).

qw the Shooter (Minotaur Hexslinger)                Turns: 1963, Time: 00:00:41

Health: 0/36       AC:  5    Str: 12    XL:     4   Next: 63%
Magic:  4/4        EV: 11    Int: 10    God:
Gold:   176        SH:  0    Dex: 15    Spells: 4/5 levels left

rFire   + . .        Y - +1 sling
rCold   + . .        (no shield)
rNeg    . . .        h - +0 ring mail
rPois   +            (helmet restricted)
rElec   .            b - scarf {rC+ rF+}
rCorr   .            (no gloves)
SInv    .            (no boots)
Will    .....        i - amulet of the acrobat
Stlth   +            f - ring of poison resistance
HPRegen 0.26/turn    (no ring)
MPRegen 0.09/turn

%: acrobat
@: no status effects
A: horns 2, retaliatory headbutt
a: no special abilities


You were on level 4 of the Dungeon.
You visited 1 branch of the dungeon, and saw 4 of its levels.

You collected 176 gold pieces.


Innate Abilities, Weirdness & Mutations

You have a pair of horns on your head.
You reflexively headbutt those who attack you in melee.


   Skills:
 - Level 2.0 Fighting
 + Level 4.5 Ranged Weapons
 - Level 2.4 Armour
 - Level 2.1 Dodging
 - Level 1.0 Spellcasting
 - Level 2.0 Hexes


You had 4 spell levels left.
You knew the following spells:

 Your Spells              Type           Power      Damage    Failure   Level
a - Slow                  Hex            16%        N/A       32%         1

Your spell library contained the following spells:

 Spells                   Type           Power      Damage    Failure   Level
 Inner Flame              Hex/Fire       2%         N/A       83%         3
 Portal Projectile        Hex/Tloc       4%         N/A       83%         3
 Cause Fear               Hex            2%         N/A       97%         4

Inventory:

Hand Weapons
 Y - a +1 sling (weapon)
Armour
 b - a scarf of resistance (worn)
 h - a +0 ring mail (worn)
Jewellery
 f - a ring of poison resistance (left hand)
 i - an amulet of the acrobat (around neck)
Scrolls
 a - a scroll of identify
Potions
 g - a potion of haste {unknown}
 l - a potion of curing
 m - a potion of lignification {unknown}

Dungeon Overview and Level Annotations

Branches:
Dungeon (4/15)
 Temple: D:4-7

Altars:
Trog
Zin


Message History

The sling bullet barely misses the ice beast.
The ice beast barely misses you.
You shoot a sling bullet.
The sling bullet barely misses the ice beast.
The ice beast hits you but does no damage.
You shoot a sling bullet.
The sling bullet closely misses the ice beast.
The ice beast hits you but does no damage.
You shoot a sling bullet. The sling bullet hits the ice beast.
The ice beast is moderately wounded.
The ice beast barely misses you.
The ice beast hits you but does no damage.
You shoot a sling bullet. The sling bullet hits the ice beast.
The ice beast is heavily wounded.
The ice beast closely misses you.
You shoot a sling bullet. The sling bullet hits the ice beast.
The ice beast is heavily wounded.
The ice beast closely misses you.
You shoot a sling bullet.
The sling bullet barely misses the ice beast.
The ice beast hits you. The ice beast freezes you. You resist.
The ice beast hits you. The ice beast freezes you. You resist.
You shoot a sling bullet. The sling bullet hits the ice beast.
The ice beast is heavily wounded.
The ice beast hits you. The ice beast freezes you. You resist.
You shoot a sling bullet.
The sling bullet barely misses the ice beast.
The ice beast barely misses you. You furiously retaliate!
You headbutt the ice beast. You shoot a sling bullet.
The sling bullet closely misses the ice beast.
The ice beast hits you. The ice beast freezes you. You resist.
You shoot a sling bullet. The sling bullet hits the ice beast!
The ice beast is almost dead.
The ice beast hits you but does no damage.
The ice beast closely misses you.
You shoot a sling bullet.
The sling bullet barely misses the ice beast.
The ice beast hits you. The ice beast freezes you. You resist.
You die...

#. ###..
...... ......
...... #....#
##...####
####).......
#@.........#
#.Y/##<..<...#
#.####.......#
#. .......## .
........# ..
..#......# #.
##..###..## ..
##> ... . ..$.


You could see an ice beast.

Vanquished Creatures
  2 jellies (D:3)
  2 worms (D:2)
  A dart slug (D:3)
  2 ball pythons (D:2)
  5 endoplasms
  6 goblins
  A hobgoblin (D:1)
  2 quokkas
  7 bats
  A frilled lizard (D:3)
  9 kobolds
  6 rats
44 creatures vanquished.

Notes
Turn   | Place    | Note
-------+----------+-------------------------------------------
     0 | D:1      | qw the Minotaur Hexslinger began the quest for the Orb.
     0 | D:1      | Reached XP level 1. HP: 16/16 MP: 1/1
     0 | D:1      | 0 ||| qw: Version: 0.3-a-52-g30416fa
     0 | D:1      | 0 ||| qw: Game counter: 7757
     0 | D:1      | 0 ||| qw: Melee chars always use a shield: true
     0 | D:1      | 0 ||| qw: God list: Okawaru
     0 | D:1      | 0 ||| qw: Allow faded altars: false
     0 | D:1      | 0 ||| qw: Do Orc after clearing Dungeon:15 true
     0 | D:1      | 0 ||| qw: Do second Lair branch before Depths: true
     0 | D:1      | 0 ||| qw: Lair rune preference: random
     0 | D:1      | 0 ||| qw: Goals: Normal
     0 | D:1      | 0 ||| PLANNING D:1-11
    97 | D:1      | Reached skill level 3 in Ranged Weapons
   117 | D:1      | Reached XP level 2. HP: 23/23 MP: 2/2
   740 | D:1      | 740 ||| UPGRADING to +0 leather armour.
   750 | D:1      | 750 ||| DROPPING +0 robe.
   751 | D:1      | 751 ||| UPGRADING to +0 ring mail.
   761 | D:1      | 761 ||| DROPPING +0 leather armour.
   762 | D:1      | 762 ||| UPGRADING to ring of poison resistance.
   763 | D:1      | 763 ||| READING 4 scrolls labelled FEGEON UCAOROR.
   764 | D:1      | 764 ||| READING scroll labelled UME ORGHOPLET MOE.
   765 | D:1      | 765 ||| READING scroll labelled HOTUROL UNIYN.
   768 | D:1      | 768 ||| READING scroll labelled RAELESANAO.
   769 | D:1      | 769 ||| READING 3 scrolls of identify.
   769 | D:1      | 769 ||| IDENTIFYING glowing dark potion
   770 | D:1      | 770 ||| READING 2 scrolls of identify.
   770 | D:1      | 770 ||| IDENTIFYING bubbling blue potion
   771 | D:1      | 771 ||| DROPPING scroll of poison.
   772 | D:1      | 772 ||| DROPPING potion of degeneration.
   931 | D:2      | Reached XP level 3. HP: 22/29 MP: 3/3
  1292 | D:2      | 1292 ||| UPGRADING to scarf of resistance.
  1297 | D:2      | 1297 ||| READING scroll labelled FUOKOH QOJEFO.
  1298 | D:2      | 1298 ||| READING scroll labelled UPLENOKKISYSM.
  1299 | D:2      | 1299 ||| DRINKING 2 amethyst potions.
  1300 | D:2      | 1300 ||| DROPPING potion of attraction.
  1389 | D:3      | Reached skill level 4 in Ranged Weapons
  1413 | D:3      | Found a glowing silver altar of Zin.
  1454 | D:3      | Found a bloodstained altar of Trog.
  1694 | D:3      | HP: 3/29 [acid (8)]
  1697 | D:3      | Reached XP level 4. HP: 4/36 MP: 4/4
  1844 | D:3      | 1844 ||| UPGRADING to amulet of the acrobat.
  1849 | D:3      | 1849 ||| READING scroll labelled DOCHOZEVI.
  1850 | D:3      | 1850 ||| DRINKING 2 bubbling red potions.
  1851 | D:3      | 1851 ||| DRINKING 2 orange potions.
  1852 | D:3      | 1852 ||| DROPPING potion of brilliance.
  1853 | D:3      | 1853 ||| DROPPING potion of magic.
  1873 | D:4      | 1873 ||| STAIRDANCE
  1948 | D:4      | Noticed an ice beast
  1961 | D:4      | HP: 8/36 [ice beast (4)]
  1963 | D:4      | Slain by an ice beast

Levels and vault maps discovered:
D:1:      dpeg_arrival_erosion, layout_basic, st_stairs_1, hex_intersection,
          nicolae_the_louvre
D:2:      layout_rooms, minmay_ruptured
D:3:      layout_rooms, general_overflow_altar, mainiacjoe_overflow_tiny_flanked
D:4:      layout_rooms, chequers_serial_rivers_room_b, uniq_blork_the_orc,
          uniq_crazy_yiuf_cottage, uniq_eustachio

Skill      XL: |  1  2  3 |
---------------+----------+-----
Ranged Weapons | 3 4 |  4.5
Fighting       | 2 |  2.0
Armour         | 2 |  2.4
Dodging        | |  2.1
Spellcasting   | |  1.0
Hexes          | |  2.0

Action                     |  1- 3 |  4- 6 || total
---------------------------+-------+-------++-------
   Fire: Sling             |    89 |    23 ||   112
    Use: Scroll            |     8 |     1 ||     9
         Potion            |     1 |     2 ||     3
 Armour: Ring mail         |     3 |     5 ||     8
         Robe              |     2 |       ||     2
  Dodge: Dodged            |    14 |     9 ||    23

Table legend:
 A = Non-vault XP
 B = Vault XP
 C = Vault XP percentage of total XP
 D = Non-vault monster count
 E = Vault monster count
 F = Vault count percentage of total count
                 A         B        C        D         E       F
            +---------+---------+-------+---------+---------+-------
      Total |     151 |       9 |   5.6 |      39 |       5 |  11.4
            +---------+---------+-------+---------+---------+-------
        D:1 |      20 |       5 |  20.0 |      13 |       3 |  18.8
        D:2 |      26 |       4 |  13.3 |      14 |       2 |  12.5
        D:3 |     103 |       0 |   0.0 |      11 |       0 |   0.0
        D:4 |       2 |       0 |   0.0 |       1 |       0 |   0.0
            +---------+---------+-------+---------+---------+-------
